 Dungeon Crawl Stone Soup version 0.22.1-2-g9c5b331383 (webtiles) character file.

3127 Adamkad1 the Slasher (level 9, -5/48 HPs)
             Began as a Tengu Skald on Dec 19, 2018.
             Was a Follower of Wu Jian.
             Shot with an arrow by a centaur (10 damage)
             ... on level 9 of the Dungeon.
             The game lasted 00:27:28 (10702 turns).

Adamkad1 the Slasher (Tengu Skald)                 Turns: 10702, Time: 00:27:28

Health: -5/48      AC: 10    Str: 11    XL:     9   Next: 92%
Magic:  16/16      EV: 16    Int: 11    God:    Wu Jian [*.....]
Gold:   276        SH:  0    Dex: 18    Spells: 5/16 levels left

rFire    + . .     SeeInvis .   a - +0 falchion
rCold    x . .     Gourm    .   (no shield)
rNeg     . . .     Faith    .   b - +1 leather armour
rPois    .         Spirit   .   g - +0 hat
rElec    .         Reflect  .   h - +0 cloak
rCorr    .         Harm     .   (no gloves)
MR       .....     Clarity  +   (boots unavailable)
Stlth    +.........             C - amulet of regeneration
HPRegen  0.56/turn              q - ring of fire
MPRegen  0.15/turn              B - +3 ring of protection

@: lethally poisoned (-5 -> -6)
A: beak, talons 3, icy blue scales 1, clarity, dopey 1, frail 1, able to fly 1
a: Fly, Renounce Religion


You were on level 9 of the Dungeon.
You worshipped Wu Jian.
Wu Jian was aware of your devotion.
You were near starving.

You visited 2 branches of the dungeon, and saw 10 of its levels.
You also visited: Sewer and Bailey.

You collected 380 gold pieces.
You spent 104 gold pieces at shops.

Inventory:

Hand Weapons
 a - a +0 falchion (weapon)
 F - the +6 dagger "Kacej Tanot" {venom, *Noise rN+ Stlth+}
   (You took it off a gnoll on level 8 of the Dungeon)

   It poisons the flesh of those it strikes.
   It protects you from negative energy.
   It may make noises in combat.
   It makes you more stealthy.
Armour
 b - a +1 leather armour (worn)
 g - a +0 hat (worn)
 h - a +0 cloak (worn)
 y - the cursed +0 ring mail "Kalidd" {rPois SInv}
   (You took it off an orc on level 6 of the Dungeon)

   It protects you from poison.
   It lets you see invisible.
   It has a curse placed upon it.
Jewellery
 i - an uncursed ring of flight
 l - a +3 amulet of reflection
 m - an uncursed ring of resist corrosion
 p - an uncursed amulet of guardian spirit
 q - a ring of fire (left hand)
 B - a +3 ring of protection (right hand)
 C - an amulet of regeneration (around neck)
Wands
 s - a wand of flame (16)
Scrolls
 c - 6 scrolls of identify
 e - 3 scrolls of blinking
 j - 6 scrolls of teleportation
 k - 3 scrolls of magic mapping
 n - a scroll of remove curse
 u - 2 scrolls of enchant armour
 x - a scroll of fog
Potions
 f - 2 potions of heal wounds {unknown}
 o - 2 potions of haste
 r - a potion of ambrosia {unknown}
 t - a potion of lignification
 v - a potion of brilliance
 w - 2 potions of magic {unknown}
 z - a potion of invisibility {unknown}
 A - 2 potions of might
 E - 2 potions of curing
 G - a potion of agility
Comestibles
 d - 11 rations


   Skills:
 + Level 5.0 Fighting
 * Level 6.8 Long Blades
 + Level 4.4 Armour
 * Level 6.7 Dodging
 + Level 4.1 Spellcasting
 * Level 5.4 Charms
 + Level 3.6 Necromancy
 + Level 2.5 Translocations


You had 5 spell levels left.
You knew the following spells:

 Your Spells              Type           Power        Failure   Level  Hunger
a - Infusion              Chrm           ##..         3%          1    #......
b - Shroud of Golubria    Chrm/Tloc      ##........   9%          2    ##.....
c - Song of Slaying       Chrm           ##......     4%          2    ##.....
d - Spectral Weapon       Hex/Chrm       #.......     28%         3    ###....
e - Regeneration          Chrm/Necr      ##........   14%         3    ###....

Your spell library contained the following spells:

 Spells                   Type           Power        Failure   Level  Hunger
 Corona                   Hex            #......      30%         1    #......
 Ensorcelled Hibernation  Hex/Ice        #.....       41%         2    ##.....
 Confuse                  Hex            #.......     65%         3    ###....
 Dazzling Spray           Conj/Hex       #.....       65%         3    ###....
 Tukima's Dance           Hex            #.......     65%         3    ###....


Dungeon Overview and Level Annotations

Branches:
Dungeon (9/15)             Temple (1/1) D:6
   Lair: D:8-11         Orc: D:9-12

Altars:
Cheibriados
Dithmenos
Elyvilon
Fedhas
Gozag
Hepliaklqana
Kikubaaqudgha
Makhleb
Nemelex Xobeh
Okawaru
Ru
Sif Muna
Vehumet
Wu Jian
Xom
Yredelemnul
Zin
The Shining One

Shops:
D:8 !

Annotations:
D:5 3 runed doors, Prince Ribbit; lis82's ghost, novice DgFE
D:9 1 runed door


Innate Abilities, Weirdness & Mutations

You have a beak for a mouth.
You have claws for feet.
You can fly.
You are partially covered in icy blue scales. (AC +2)
You possess an exceptional clarity of mind.
You are dopey. (Int -2)
You are frail. (-10% HP)


Message History

You claw the centaur, but do no damage.
The centaur hits you but does no damage.
The adder bites you but does no damage.
You spin and attack the crimson imp.
You closely miss the crimson imp.
The crimson imp hits you with an enchanted short sword.
* * * LOW HITPOINT WARNING * * *
You feel sick.
The centaur unwields an uncursed long sword.
The centaur wields an uncursed shortbow.
The centaur shoots an arrow.
The arrow hits you.
* * * LOW HITPOINT WARNING * * *
The phantom blinks!
You see here an arrow.
The adder bites you.
* * * LOW HITPOINT WARNING * * *
Found a potion of brilliance.
Unknown command.
The crimson imp shouts, "Remove thy stench, thou beslubbering magpie-eyed The crimson imp blinks!
The centaur shoots an arrow.
The arrow hits you!
You die...

#(...# .#
#######.5§?# .#
.......(.T##
#..##.#...#
....oooZ.H#
#######§cZ#
.DD#≈≈#%(S#
⌠.D#§§#...##.
...####..@##.####
..[...+.....>...#
##....#.........#
≈#D.⌠.#.........#
≈#...!#.........#
####...[.....#
............((#
#####........<#
.......5(.#


You could see a fire dragon, a hippogriff, a troll, an orc warrior, a centaur,
an orc priest, a crimson imp, an adder, a worker ant zombie and a centaur
zombie.

Vanquished Creatures
  A hippogriff (D:8)
  A hungry ghost (D:8)
  Duvessa (D:7)
  Purgy (Sewer)
  A black bear (D:6)
  A necrophage (D:6)
  A phantom (D:6)
  2 ogres
  2 centaurs
  A crocodile (D:6)
  Blork the orc (D:5)
  2 gnoll sergeants
  4 bullfrogs
  Dowan (D:7)
  3 scorpions
  2 howler monkeys
  3 crimson imps
  A jelly (D:6)
  2 bullfrog skeletons
  A centaur skeleton (D:4)
  2 orc priests (D:6)
  A quasit (D:4)
  6 hounds
  4 orc wizards
  3 iguanas (D:6)
  Natasha (thrice) (D:2)
  6 worker ants
  A hound zombie (D:6)
  2 hound skeletons
  A howler monkey skeleton (D:4)
  7 gnolls
  7 adders
  A river rat (D:5)
  3 shadow imps
  6 worms
  2 dart slugs (D:1)
  3 leopard geckos
  9 orcs
  3 giant cockroaches
  A goblin (D:1)
  6 hobgoblins
  17 jackals
  10 kobolds
  4 quokkas
  A ball python (D:7)
  7 bats
  11 frilled lizards
  2 leopard gecko skeletons
  A quokka skeleton (D:8)
  9 rats
  A withered plant (D:7)
172 creatures vanquished.

Vanquished Creatures (others)
  A spectral weapon (Bailey)
1 creature vanquished.

Grand Total: 173 creatures vanquished

Notes
Turn   | Place    | Note
-------+----------+-------------------------------------------
     0 | D:1      | Adamkad1 the Tengu Skald began the quest for the Orb.
     0 | D:1      | Reached XP level 1. HP: 12/12 MP: 4/4
   109 | D:1      | Reached XP level 2. HP: 11/17 MP: 6/6
   652 | D:1      | Learned a level 2 spell: Song of Slaying
   655 | D:1      | Learned a level 2 spell: Shroud of Golubria
   764 | D:1      | Reached XP level 3. HP: 20/21 MP: 5/7
  1279 | D:2      | Noticed Natasha
  1290 | D:2      | Killed Natasha
  1290 | D:2      | Reached XP level 4. HP: 6/27 MP: 5/8
  1504 | D:2      | Noticed Natasha
  1730 | D:2      | Killed Natasha
  1764 | D:2      | Noticed Natasha
  1775 | D:2      | Killed Natasha
  1776 | D:2      | Found a faded altar of an unknown god.
  1814 | D:2      | Gained mutation: You can fly. [Tengu growth]
  1814 | D:2      | Reached XP level 5. HP: 22/31 MP: 3/9
  2454 | D:2      | Found a shimmering altar of Xom.
  2456 | D:2      | Found a sparkling altar of Nemelex Xobeh.
  2567 | D:3      | Learned a level 3 spell: Regeneration
  2852 | D:3      | Found a sacrificial altar of Ru.
  4115 | D:3      | Reached XP level 6. HP: 26/37 MP: 5/10
  5216 | D:5      | Entered Level 5 of the Dungeon
  5270 | D:5      | Reached skill level 1 in Necromancy
  5385 | D:5      | Reached XP level 7. HP: 41/41 MP: 11/11
  5435 | D:5      | Noticed Prince Ribbit
  5902 | D:5      | Found a glowing drain.
  5906 | Sewer    | Entered a sewer
  6070 | Sewer    | Noticed Purgy
  6095 | Sewer    | Killed Purgy
  6867 | D:5      | Found a runed gate.
  6867 | D:5      | Found a runed gate.
  6867 | D:5      | Found a runed gate.
  6871 | D:5      | Noticed lis82's ghost (novice DgFE)
  7032 | D:5      | Learned a level 3 spell: Spectral Weapon
  7362 | D:5      | Noticed Blork the orc
  7371 | D:5      | Killed Blork the orc
  7707 | D:6      | Reached XP level 8. HP: 24/48 MP: 0/13
  7860 | D:6      | Reached skill level 5 in Long Blades
  7955 | D:6      | Reached skill level 5 in Dodging
  7981 | D:6      | Reached skill level 1 in Translocations
  8108 | D:6      | Found a staircase to the Ecumenical Temple.
  8161 | Temple   | Entered the Ecumenical Temple
  8217 | Temple   | Became a worshipper of the Wu Jian Council
  8595 | D:6      | Got a sapphire-encrusted ring mail
  8606 | D:6      | Identified the cursed +0 ring mail "Kalidd" {rPois SInv}
                  | (You took it off an orc on level 6 of the Dungeon)
  8621 | D:6      | Reached XP level 9. HP: 13/52 MP: 9/15
  8815 | D:7      | Noticed Dowan
  8824 | D:7      | Noticed Duvessa
  8846 | D:7      | Killed Duvessa
  8853 | D:7      | Killed Dowan
  8942 | D:7      | Found an ancient bone altar of Kikubaaqudgha.
  8975 | D:7      | Found a flagged portal.
  8982 | Bailey   | Entered a bailey
  8995 | Bailey   | Reached skill level 5 in Charms
  9347 | D:8      | Reached * piety under Wu Jian
  9355 | D:8      | Got an ancient dagger {venom}
  9357 | D:8      | Identified the +6 dagger "Kacej Tanot" {venom, *Noise rN+
                  | Stlth+} (You took it off a gnoll on level 8 of the Dungeon)
  9714 | D:8      | Found Iwkycw Besch's Distillery.
  9720 | D:8      | Bought a potion of mutation for 104 gold pieces
  9721 | D:8      | Gained mutation: You are dopey. (Int -2) [potion of
                  | mutation]
  9721 | D:8      | Gained mutation: You are frail. (-10% HP) [potion of
                  | mutation]
  9721 | D:8      | Gained mutation: You possess an exceptional clarity of
                  | mind. [potion of mutation]
  9721 | D:8      | Gained mutation: You are partially covered in icy blue
                  | scales. (AC +2) [potion of mutation]
 10086 | D:8      | Reached skill level 5 in Fighting
 10291 | D:9      | Found a runed door.
 10510 | D:9      | Noticed a two-headed ogre
 10629 | D:9      | Noticed a troll
 10696 | D:9      | Noticed a fire dragon
 10697 | D:9      | Found the +2 shield of Resistance {rF+ rC+ MR+}
 10697 | D:9      | Noticed a fire dragon
 10697 | D:9      | Noticed an ice dragon
 10699 | D:9      | Noticed an ice dragon
 10702 | D:9      | Shot with an arrow by a centaur

Skill      XL: |  1  2  3  4  5  6  7  8  9 |
---------------+----------------------------+-----
Long Blades    | 3 4 5 6 |  6.8
Dodging        | 3 4 5 6 |  6.7
Charms         | 3 4 5 |  5.4
Armour         | 2 3 4 |  4.4
Fighting       | 3 4 5 |  5.0
Necromancy     | 1 2 3 |  3.6
Spellcasting   | 3 4 |  4.1
Translocations | 1 2 |  2.5

Action                   |  1- 3 |  4- 6 |  7- 9 || total
-------------------------+-------+-------+-------++-------
Melee: Falchion          |    57 |   171 |   417 ||   645
       Kick              |    11 |    48 |   162 ||   221
       Peck              |    11 |    25 |   101 ||   137
 Cast: Infusion          |     2 |    18 |    34 ||    54
       Shroud of Golubri |       |     5 |    19 ||    24
       Regeneration      |       |     1 |       ||     1
       Song of Slaying   |       |     1 |     8 ||     9
       Spectral Weapon   |       |       |     5 ||     5
Invok: Lunge             |       |       |    15 ||    15
       Whirlwind         |       |       |    15 ||    15
 Abil: Fly               |       |       |     6 ||     6
  Use: Scroll            |       |     6 |     8 ||    14
       Potion            |       |     5 |     1 ||     6
 Stab: Distracted        |       |       |     1 ||     1
  Eat: Chunk             |     1 |     8 |    16 ||    25
       Ration            |       |     2 |     1 ||     3
Armor: Leather armour    |    19 |    42 |   133 ||   194
Dodge: Dodged            |    44 |   142 |   350 ||   536
Block: Other             |       |    11 |    10 ||    21
       Rpst.: Falchion   |    11 |    42 |    96 ||   149
